 Dungeon Crawl Stone Soup version 0.28.0-45-g0d030f2227 (webtiles) character file.

Game seed: 6517380273435488574

1266 croobank the Skirmisher (level 8, -7/71 HPs)
             Began as a Hill Orc Fighter on Apr 18, 2022.
             Was an Initiate of Beogh.
             Killed from afar by Maggie (27 damage)
             ... with a bolt of fire
             ... on level 6 of the Dungeon.
             The game lasted 00:14:47 (6255 turns).

croobank the Skirmisher (Hill Orc Fighter)          Turns: 6255, Time: 00:14:47

Health: -7/71      AC:  8    Str: 21    XL:     8   Next: 52%
Magic:  9/9        EV:  9    Int:  8    God:    Beogh [......]
Gold:   476        SH:  5    Dex: 10    Spells: 7/7 levels left

rFire   . . .      SeeInvis .   a - +1 war axe
rCold   . . .      Faith    .   c - +0 buckler
rNeg    . . .      Spirit   .   j - +0 scale mail
rPois   .          Reflect  .   (no helmet)
rElec   .          Harm     .   (no cloak)
rCorr   .          Rampage  .   (no gloves)
Will    .....                   y - +0 pair of boots
Stlth   ..........              C - amulet of magic regeneration
HPRegen 0.21/turn               (no ring)
MPRegen 0.51/turn               (no ring)

@: mighty, mesmerised, studying Conjurations
A: no striking features
a: Renounce Religion


You were on level 6 of the Dungeon.
You worshipped Beogh.
Beogh was noncommittal.
You visited 1 branch of the dungeon, and saw 6 of its levels.
You also visited: Ossuary.

You collected 476 gold pieces.

Inventory:

Hand Weapons
 a - a +1 war axe (weapon)
 b - a +0 hunting sling
Missiles
 f - 13 sling bullets
 i - 104 bolts
 m - 156 stones (quivered)
 z - 5 poisoned darts
Armour
 c - a +0 buckler (worn)
 j - a +0 scale mail (worn)
 y - a +0 pair of boots (worn)
Jewellery
 C - an amulet of magic regeneration (around neck)
Scrolls
 h - 4 scrolls of magic mapping
 l - 2 scrolls of immolation {unknown}
 q - a scroll of amnesia {unknown}
 r - 2 scrolls of teleportation
 w - a scroll of enchant armour {unknown}
 A - a scroll of vulnerability {unknown}
 B - a scroll of fog
Potions
 d - a potion of ambrosia
 e - a potion of magic
 g - 2 potions of lignification
 k - 6 potions of curing
 n - 4 potions of heal wounds {unknown}
 o - 2 potions of attraction {unknown}
 p - 2 potions of invisibility {unknown}
 s - 2 potions of brilliance
 t - a potion of cancellation {unknown}
 u - a potion of might
 v - a potion of degeneration {unknown}
 x - a potion of mutation {unknown}
 D - 2 potions of haste {unknown}


   Skills:
 + Level 6.9 Fighting
 + Level 6.8 Axes
 + Level 6.3 Armour
 + Level 6.3 Shields
 + Level 2.2 Invocations


You had 7 spell levels left.
You didn't know any spells.
Your spell library contained the following spells:

 Spells                   Type           Power      Damage    Failure   Level
 Sublimation of Blood     Necr           0%         N/A       91%         2
 Wereblood                Tmut           0%         N/A       91%         2
 Summon Hydra             Summ           0%         N/A       100%        7


Dungeon Overview and Level Annotations

Branches:
Dungeon (6/15)            Ossuary (visited)
 Temple: D:4-7

Altars:
Uskayaw
The Shining One

Shops:
D:3 (

Annotations:
D:6 Maggie


Message History

Aim: Maggie, wielding a +0 broad axe, wearing +0 steam dragon scales and carrying a wand of mindburst (3) (59% to hit)
You shoot a sling bullet.
The sling bullet hits Maggie but does no damage.
Fire: 16 sling bullets
Press: ? - help, Q - select action, (/) - cycle Shift-Dir - straight line, f/p - Maggie
Aim: Maggie, wielding a +0 broad axe, wearing +0 steam dragon scales and carrying a wand of mindburst (3) (59% to hit)
You shoot a sling bullet. The sling bullet closely misses Maggie.
Maggie zaps a wand.
Your mind is blasted!
You feel very mighty all of a sudden.
You shoot a sling bullet.
The sling bullet completely misses Maggie.
Maggie says, "Fear not.
I will immortalize you in the tale of my first kill."
Maggie mumbles some strange words.
Maggie attempts to bespell you!
You are mesmerised by Maggie!
You shoot a sling bullet. The sling bullet barely misses Maggie.
Maggie zaps a wand.
You struggle to resist.
a - a +1 war axe (weapon)
Maggie zaps a wand.
You struggle to resist.
The now-empty wand crumbles to dust.
Maggie hits you with a +0 broad axe.
There is a stone staircase leading down here.
You barely miss Maggie.
Maggie smiles, but it's obviously fake.
Maggie hits you with a +0 broad axe!
You slash Maggie!
Maggie is moderately wounded.
Maggie hits you with a +0 broad axe.
You slash Maggie!
Maggie is heavily wounded.
Maggie hits you with a +0 broad axe.
You barely miss Maggie.
Maggie is heavily wounded.
Maggie hits you with a +0 broad axe!
* * * LOW HITPOINT WARNING * * *
You slice Maggie!!
Maggie is severely wounded.
Maggie gestures at you while chanting. The bolt of fire hits you!!
You die...

...#### #..# .....# ###.##
###..## #...# #...#####.#
#.### ##.........# #.#
##..........####### #.#
#.................###(######.
#............####...(........
#............##<@@(###..#####
##..........###.#..# #.#
###...##...###..#.## ...
.[.............##.# ##..
...############ #.# ### ...#
##.######
...#############.......##
..........<...#..##.##..#
...##########...##..)##.#


You could see Maggie (mesmerising).

Vanquished Creatures
  A black bear (D:3)
  2 ogres (D:5)
  2 centaurs (D:6)
  5 scorpions
  A water moccasin zombie (D:5)
  A water moccasin skeleton (D:4)
  A centaur zombie (D:5)
  A bullfrog zombie (D:5)
  A hound (D:4)
  A jelly (D:1)
  2 bullfrog skeletons (D:5)
  2 orc wizards (D:3)
  8 mummies (Ossuary)
  3 adders
  A shadow imp (D:6)
  A worm (D:1)
  2 dart slugs
  7 orcs (D:3)
  7 ball pythons
  5 bats
  10 endoplasms
  3 giant cockroaches
  3 gnoll zombies (Ossuary)
  4 goblins
  10 hobgoblins
  5 jackals (D:1)
  4 quokkas
  2 frilled lizards (D:1)
  A hobgoblin zombie (Ossuary)
  6 kobolds
  3 kobold zombies (Ossuary)
  An orc zombie (Ossuary)
  9 rats
115 creatures vanquished.

Notes
Turn   | Place    | Note
-------+----------+-------------------------------------------
     0 | D:1      | croobank the Hill Orc Fighter began the quest for the Orb.
     0 | D:1      | Reached XP level 1. HP: 19/19 MP: 1/1
     1 | D:1      | Found a runed translucent door.
     2 | D:1      | Noticed a jelly
    70 | D:1      | Reached XP level 2. HP: 24/27 MP: 2/2
   274 | D:1      | Reached XP level 3. HP: 33/33 MP: 3/3
   489 | D:1      | Found a faded altar of an unknown god.
   794 | D:2      | Found a glowing golden altar of the Shining One.
  1589 | D:3      | Found Detocou's Weapon Shoppe.
  1614 | D:3      | Reached XP level 4. HP: 17/40 MP: 4/4
  1852 | D:3      | Reached XP level 5. HP: 39/47 MP: 5/5
  2861 | D:4      | Noticed a black bear
  2874 | D:3      | Killed a black bear
  2875 | D:3      | Reached skill level 5 in Fighting
  2875 | D:3      | Reached XP level 6. HP: 39/56 MP: 6/6
  3394 | D:4      | Reached skill level 5 in Axes
  3591 | D:4      | Reached skill level 5 in Armour
  3591 | D:4      | Reached skill level 5 in Shields
  3974 | D:4      | Reached XP level 7. HP: 61/61 MP: 7/7
  4208 | D:5      | Entered Level 5 of the Dungeon
  4259 | D:5      | Found a sand-covered staircase.
  4263 | Ossuary  | Entered an ossuary
  5023 | D:5      | Became a worshipper of Beogh the Brigand
  5042 | D:5      | Reached XP level 8. HP: 48/71 MP: 8/8
  5718 | D:6      | Found a hide-covered altar of Uskayaw.
  5741 | D:6      | Reached skill level 1 in Invocations
  6097 | D:6      | Noticed Maggie
  6255 | D:6      | Killed from afar by Maggie

Illustrated notes

Levels and vault maps discovered:
D:1:      dpeg_arrival_caged_fury, layout_rooms, ebering_ecumenical_altar_box,
          minmay_tromino_i2
D:2:      layout_loops_ring, basic_altar, st_stairs_2
D:3:      layout_basic, serial_shops, shop, serial_park_tiny_1
D:4:      layout_loops_ring
D:5:      layout_gridville, enter_ossuary_5, nrook_mini_vaults,
          chequers_serial_rivers_micro_c
D:6:      layout_rooms, general_overflow_altar, minmay_manual_mares, uniq_maggie

Skill      XL: |  1  2  3  4  5  6  7  8 |
---------------+-------------------------+-----
Axes           | 3 4 5 6 |  6.8
Fighting       | 4 5 6 |  6.9
Armour         | 4 5 6 |  6.3
Shields        | 4 5 6 |  6.3
Invocations    | 2 |  2.2

Action                   |  1- 3 |  4- 6 |  7- 9 || total
-------------------------+-------+-------+-------++-------
Melee: War axe           |   111 |   134 |   103 ||   348
 Fire: Hunting sling     |       |     8 |    53 ||    61
Invok: Convert to Beogh  |       |       |     1 ||     1
  Use: Scroll            |     2 |     3 |     3 ||     8
       Potion            |       |     4 |     1 ||     5
Armor: Scale mail        |    57 |    63 |    44 ||   164
Dodge: Dodged            |    66 |    76 |    46 ||   188
Block: Buckler           |    21 |    49 |    27 ||    97
